 Dungeon Crawl Stone Soup version 0.29.0-11-gd7f09526c8 (webtiles) character file.

Game seed: 5212823632297126563

627 ImASeal the Magician (level 7, -7/47 HPs)
             Began as a Djinni Fire Elementalist on Sept 5, 2022.
             Was a Follower of Makhleb.
             Mangled by a wight
             ... wielding a +0 scimitar
              (13 damage)
             ... on level 4 of the Dungeon.
             The game lasted 00:12:46 (4698 turns).

ImASeal the Magician (Djinni Fire Elementalist)     Turns: 4698, Time: 00:12:49

Health: -7/47      AC:  2    Str:  7    XL:     7   Next: 76%
Gold:   130        EV: 12    Int: 19    God:    Makhleb [*.....] SH:  0 Dex: 19

rFire   + + .      SeeInvis .   b - +3 spear
rCold   x . .      Faith    .   (no shield)
rNeg    . . .      Spirit   .   a - +0 robe
rPois   ∞          Reflect  .   (no helmet)
rElec   .          Harm     .   (no cloak)
rCorr   .          Rampage  .   (no gloves)
Will    .....                   (boots unavailable)
Stlth   ++........              (no amulet)
HPRegen 0.15/turn               u - +6 ring of dexterity
MPRegen 0.00/turn               (no ring)

@: flying
A: sickness immunity, fire resistance 2, cold vulnerability 1, float, innate
caster, HP casting, extra vitality 1
a: Renounce Religion


You were on level 4 of the Dungeon.
You worshipped Makhleb.
Makhleb was aware of your devotion.
You visited 2 branches of the dungeon, and saw 5 of its levels.

You collected 185 gold pieces.
You spent 55 gold pieces at shops.

Inventory:

Hand Weapons
 b - a +3 spear (weapon)
 n - a +2 antimagic dagger
 w - a +0 club
Missiles
 d - 26 poisoned darts
Armour
 a - a +0 robe (worn)
Magical Staves
 k - a staff of earth
Jewellery
 u - a +6 ring of dexterity (left hand)
Scrolls
 c - a scroll of silence
 f - 2 scrolls of identify
 g - 4 scrolls of fog
 h - 3 scrolls of teleportation
 i - 2 scrolls of enchant armour {unknown}
 p - a scroll of blinking {unknown}
 r - a scroll of enchant weapon {unknown}
 s - a scroll of vulnerability {unknown}
Potions
 e - 2 potions of degeneration
 j - 2 potions of ambrosia {unknown}
 l - 2 potions of might
 m - 2 potions of brilliance {unknown}
 o - a potion of haste {unknown}
 q - a potion of attraction {unknown}
 t - 2 potions of flight {unknown}
 v - a potion of mutation {unknown}


   Skills:
 + Level 1.2 Fighting
 - Level 0.3 Polearms
 - Level 2.1 Dodging
 - Level 1.5 Stealth
 + Level 6.3 Spellcasting


You couldn't memorise any spells.
You knew the following spells:

 Your Spells              Type           Power      Damage    Failure   Level
a - Foxfire               Conj/Fire      100%       2x1d9     1%          1
b - Scorch                Fire           60%        2d8       1%          2
c - Conjure Flame         Conj/Fire      30%        6-21      2%          3
d - Inner Flame           Hex/Fire       30%        N/A       2%          3
e - Flame Wave            Conj/Fire      30%        2d9       8%          4
f - Summon Small Mammal   Summ           100%       N/A       1%          1
g - Wereblood             Tmut           30%        N/A       1%          2
h - Portal Projectile     Hex/Tloc       60%        N/A       2%          3
Your spell library was empty.

Dungeon Overview and Level Annotations

Branches:
Dungeon (4/15)             Temple (1/1) D:4

Altars:
Fedhas
Gozag
Makhleb
Nemelex Xobeh
Okawaru
Qazlal
Trog
Uskayaw
Wu Jian
Yredelemnul

Shops:
D:2 *


Innate Abilities, Weirdness & Mutations

You are immune to sickness and miasma.
You are immune to poison.
Your flesh is very heat resistant. (rF++)
You are vulnerable to cold. (rC-)
You float through the air rather than walking.
You learn spells naturally, not from books.
Your magical power is your life essence.
You have superior vitality. (+4 MHP)


Message History

Your quokka's corpse disappears in a puff of smoke!
Casting: Scorch (safe; 1% risk of failure)
Confirm with . or Enter, or press ? or * to list all spells.
Flames lash Duvessa.
Duvessa is burned terribly!
Duvessa is heavily wounded.
Casting: Scorch (safe; 1% risk of failure)
Confirm with . or Enter, or press ? or * to list all spells.
Flames lash Duvessa.
Duvessa is burned terribly!
Duvessa is almost dead.
Duvessa is no longer moving quickly.
Duvessa barely misses you.
Casting: Scorch (safe; 1% risk of failure)
Confirm with . or Enter, or press ? or * to list all spells.
Flames lash Duvessa.
Duvessa is burned terribly!
Duvessa is almost dead.
Duvessa hits you with a +0 rapier.
A wight comes into view. It is wielding a +0 falchion.
Casting: Scorch (safe; 1% risk of failure)
Confirm with . or Enter, or press ? or * to list all spells.
Flames lash Duvessa.
Duvessa is burned terribly!
You kill Duvessa!
Makhleb accepts your kill.
Casting: Scorch (safe; 1% risk of failure)
Confirm with . or Enter, or press ? or * to list all spells.
Flames lash the wight.
The wight is moderately damaged.
The wight's fire resistance burns away.
Casting: Scorch (safe; 1% risk of failure)
Confirm with . or Enter, or press ? or * to list all spells.
Flames lash the wight.
The wight is burned terribly!
The wight is almost destroyed.
The wight hits you with a +0 scimitar!
* * * LOW HITPOINT WARNING * * *
Casting: Scorch (safe; 1% risk of failure)
Confirm with . or Enter, or press ? or * to list all spells.
Flames lash the wight.
The wight is heavily damaged.
The wight's fire resistance burns away.
* * * LOW HITPOINT WARNING * * *
The wight hits you with a +0 scimitar!
You die...

################# #.#
........# ###
#######.######
#......# #######.#
........############
#######.....<.[....#
#.............######
##
#..#####..@z.z).....#
.# #
#####.###.#..###.##
#.# #.#..##...#
#.###....<..#§v.
##.............##
##...####......###
#.........§§......
##...#####..§v.#.#
#.#.#####...#..#.#


You could see 2 wights.

Vanquished Creatures
  Duvessa (D:4)
  A phantom (D:4)
  A kobold brigand (D:4)
  A scorpion (D:4)
  A wight (D:4)
  Dowan (D:4)
  A hound (D:4)
  An iguana (D:4)
  6 adders
  3 gnolls (D:2)
  2 worms
  2 dart slugs
  7 endoplasms
  2 giant cockroaches
  6 goblins
  5 hobgoblins
  29 kobolds
  6 ball pythons
  3 frilled lizards
  2 rats
81 creatures vanquished.

Vanquished Creatures (collateral kills)
  2 kobolds (D:4)
  2 foxfires (D:4)
4 creatures vanquished.

Vanquished Creatures (others)
  A kobold (D:4)
  122 foxfires
  35 plants (D:4)
158 creatures vanquished.

Grand Total: 243 creatures vanquished

Notes
Turn   | Place    | Note
-------+----------+-------------------------------------------
     0 | D:1      | ImASeal the Djinni Fire Elementalist began the quest for
                  | the Orb.
     0 | D:1      | ImASeal set off with the following spells memorised:
                  | Foxfire, Scorch, Conjure Flame, Inner Flame, Flame Wave.
     0 | D:1      | Reached XP level 1. HP: 15/15 MP: 0/0
   239 | D:1      | Reached XP level 2. HP: 15/21 MP: 0/0
   757 | D:1      | Reached skill level 3 in Spellcasting
  1016 | D:1      | Found a faded altar of an unknown god.
  1396 | D:2      | Reached XP level 3. HP: 24/25 MP: 0/0
  1396 | D:2      | Learned a level 1 spell: Summon Small Mammal
  1537 | D:2      | Found Sumop's General Store.
  1545 | D:2      | Bought a scroll of identify for 22 gold pieces
  1545 | D:2      | Bought a potion of curing for 33 gold pieces
  1684 | D:2      | Reached XP level 4. HP: 26/31 MP: 0/0
  1950 | D:2      | Reached skill level 4 in Spellcasting
  2597 | D:3      | Reached XP level 5. HP: 33/35 MP: 0/0
  2597 | D:3      | Learned a level 2 spell: Wereblood
  2751 | D:3      | Found a bloodstained altar of Trog.
  2863 | D:3      | Found a hide-covered altar of Uskayaw.
  2866 | D:3      | Noticed a +0 dagger
  2866 | D:3      | Noticed a +0 hand axe
  3381 | D:4      | Noticed a phantom
  3387 | D:4      | Killed a phantom
  3388 | D:4      | Reached XP level 6. HP: 33/41 MP: 0/0
  3511 | D:4      | Reached skill level 5 in Spellcasting
  3716 | D:4      | Found a staircase to the Ecumenical Temple.
  3725 | Temple   | Entered the Ecumenical Temple
  3789 | Temple   | Became a worshipper of Makhleb the Destroyer
  4008 | D:4      | Noticed Duvessa
  4008 | D:4      | Noticed Dowan
  4176 | D:4      | Reached skill level 1 in Fighting
  4206 | D:4      | Reached * piety under Makhleb
  4215 | D:4      | Reached XP level 7. HP: 19/47 MP: 0/0
  4215 | D:4      | Learned a level 3 spell: Portal Projectile
  4674 | D:4      | Killed Dowan
  4675 | D:4      | Reached skill level 6 in Spellcasting
  4695 | D:4      | Killed Duvessa
  4698 | D:4      | Mangled by a wight

Illustrated notes

Levels and vault maps discovered:
D:1:      heliophobic_arrival_ceremonial_halls, layout_basic,
          shapermc_ecumenical_altar_acropolis
D:2:      layout_loops_corners, serial_shops, shop
D:3:      layout_basic, dancing_weapons_uskayaw, nicolae_overflow_two_pavilions
D:4:      kennysheep_kobold_camp, layout_loops_ring,
          mainiacjoe_overflow_alcove_2, nicolae_hepliaklqana_hippocampus,
          lemuel_temple_firewalk_b, uniq_duvessa
Temple:   eino_temple_lava

Skill      XL: |  1  2  3  4  5  6  7 |
---------------+----------------------+-----
Spellcasting   | 3 4 5 6 |  6.3
Fighting       | 1 |  1.2
Polearms       | |  0.3
Dodging        | |  2.1
Stealth        | |  1.5

Action                   |  1- 3 |  4- 6 |  7- 9 || total
-------------------------+-------+-------+-------++-------
Melee: Spear             |    40 |    40 |       ||    80
       Punch             |     1 |       |       ||     1
 Cast: Foxfire           |    18 |    49 |    16 ||    83
       Scorch            |     1 |    18 |     8 ||    27
       Wereblood         |       |     2 |       ||     2
       Summon Small Mamm |       |    13 |     4 ||    17
       Inner Flame       |       |     3 |     3 ||     6
  Use: Scroll            |       |     5 |       ||     5
       Potion            |       |     1 |       ||     1
 Stab: Sleeping          |       |     1 |       ||     1
Armor: Robe              |     4 |     5 |       ||     9
Dodge: Dodged            |    17 |    21 |     1 ||    39
